 Dungeon Crawl Stone Soup version 0.24-a0-520-g8fd06ad0bc (webtiles) character file.

Game seed: 14893547746779619266

868 Azzok the Chopper (level 7, 0/52 HPs)
             Began as a Demonspawn Fighter on July 25, 2019.
             Was an Initiate of Sif Muna.
             Succumbed to an orc priest's poison
             ... on level 5 of the Dungeon.
             The game lasted 00:06:37 (5902 turns).

Azzok the Chopper (Demonspawn Fighter)              Turns: 5902, Time: 00:06:37

Health: 0/52       AC:  8    Str: 20    XL:     7   Next: 73%
Magic:  9/10       EV:  9    Int: 10    God:    Sif Muna [......]
Gold:   185        SH:  2    Dex: 12    Spells: 10/10 levels left

rFire    . . .     SeeInvis .   o - +3 dagger (venom)
rCold    . . .     Gourm    .   (no shield)
rNeg     . . .     Faith    .   r - +0 chain mail
rPois    .         Spirit   .   (helmet unavailable)
rElec    .         Reflect  +   (no cloak)
rCorr    .         Harm     .   (no gloves)
MR       .....                  (no boots)
Stlth    ..........             s - +2 amulet of reflection
HPRegen  0.17/turn              l - +2 ring of strength
MPRegen  0.12/turn              v - ring of attention (curse)

@: lethally poisoned (0 -> -11)
A: horns 3, repulsion field 1
a: Renounce Religion


You were on level 5 of the Dungeon.
You worshipped Sif Muna.
Sif Muna was noncommittal.
You were hungry.

You visited 1 branch of the dungeon, and saw 5 of its levels.
You also visited: Sewer.

You collected 185 gold pieces.

Inventory:

Hand Weapons
 a - a +0 war axe
 o - a +3 dagger of venom (weapon)
Armour
 b - a +0 scale mail
 c - a +0 shield
 r - a +0 chain mail (worn)
Jewellery
 g - an uncursed ring of resist corrosion
 l - a +2 ring of strength (left hand)
 s - a +2 amulet of reflection (around neck)
 v - a cursed ring of attention (right hand)
Scrolls
 e - 6 scrolls of remove curse {unknown}
 i - a scroll of teleportation {unknown}
 k - 2 scrolls of amnesia {unknown}
 n - a scroll of identify {unknown}
 p - a scroll of fear {unknown}
 q - 2 scrolls of magic mapping {unknown}
 u - a scroll of noise {unknown}
Potions
 d - 3 potions of might
 h - a potion of curing {unknown}
 j - a potion of degeneration {unknown}
 m - 2 potions of ambrosia {unknown}
 t - a potion of mutation {unknown}
 w - a potion of heal wounds {unknown}
 x - a potion of agility {unknown}
Comestibles
 f - 9 rations


   Skills:
 - Level 3.0 Fighting
 + Level 7.5 Axes
 - Level 2.6 Armour
 - Level 2.6 Shields
 + Level 2.0 Spellcasting
 + Level 2.9 Invocations


You had 10 spell levels left.
You didn't know any spells.
Your spell library contained the following spells:

 Spells                   Type           Power        Failure   Level  Hunger
 Passwall                 Tmut/Erth      #.......     99%         2    ###....
 Swiftness                Chrm/Air       #.......     99%         2    ###....
 Passage of Golubria      Tloc           N/A          100%        4    #####..
 Lee's Rapid Deconstruct  Erth           #.........   100%        5    ######.
 Darkness                 Hex            #.........   100%        6    #######
 Invisibility             Hex            #.......     100%        6    #######


Dungeon Overview and Level Annotations

Branches:
Dungeon (5/15)
 Temple: D:4-7

Altars:
Kikubaaqudgha
Sif Muna
Trog
Wu Jian
Zin


Innate Abilities, Weirdness & Mutations

You have a pair of large horns on your head.
You are surrounded by a mild repulsion field. (EV +2)


Message History

The orc priest hits you but does no damage.
You are more poisoned.
You hit the orc priest but do no damage.
The orc priest looks as sick as possible!
The orc priest is almost dead.
* * * LOW HITPOINT WARNING * * *
You feel sick.
You kill the orc priest!
Sif Muna accepts your kill.
You feel your dexterity returning.
Your Spellcasting skill increases to level 2!
* * * LOW HITPOINT WARNING * * *
You feel sick.
Found a scroll labeled LUCIFO RAXE.
Things that are here:
a +2 dagger of venom; a +0 chain mail; a scroll labeled LUCIFO RAXE
* * * LOW HITPOINT WARNING * * *
You feel sick.
You are feeling hungry.
You die...

············▒▒▒▒ ·········▒
▒···<····▒▒·▒▒·········▒
▒▒·····················▒▒
▒···▒))▒·▒··▒▒ ···········▒
·······▒····▒···▒▒▒···········
··%▒▒▒··▒·····)····▒···········
·· ·(···············▒ ······ ▒
▒▒·▒··▒····)······▒▒▒······
···▒▒·▒····@···············
·▒▒▒·······················
▒▒·▒▒·····)·········▒▒▒
····▒▒··············▒ ···
▒··············▒ ··
···············▒▒···
············>···· ···
▒······▒▒·········· ·· ▒▒···▒·
▒▒·▒········ ·


There were no monsters in sight!

Vanquished Creatures
  An ogre (D:4)
  2 bullfrogs (Sewer)
  A crimson imp (D:4)
  A quasit (D:4)
  3 orc priests
  2 orc wizards
  A bullfrog skeleton (D:4)
  A worker ant (D:4)
  A worker ant zombie (D:5)
  12 adders
  9 gnolls
  A river rat (D:4)
  An ooze (D:2)
  An adder skeleton (D:4)
  4 worms
  5 dart slugs
  2 leopard geckos
  14 orcs
  A bat skeleton (D:2)
  9 giant cockroaches
  13 goblins
  7 hobgoblins
  8 jackals
  13 kobolds
  2 quokkas (D:4)
  8 ball pythons
  A ball python skeleton (D:4)
  10 bats
  11 frilled lizards
  A giant cockroach zombie (D:5)
  A jackal zombie (D:2)
  14 rats
161 creatures vanquished.

Vanquished Creatures (others)
  A human (D:3)
1 creature vanquished.

Grand Total: 162 creatures vanquished

Notes
Turn   | Place    | Note
-------+----------+-------------------------------------------
     0 | D:1      | Azzok the Demonspawn Fighter began the quest for the Orb.
     0 | D:1      | Reached XP level 1. HP: 18/18 MP: 1/1
    13 | D:1      | Reached skill level 2 in Axes
    23 | D:1      | Gained mutation: You are surrounded by a mild repulsion
                  | field. (EV +2) [demonic ancestry]
    23 | D:1      | Reached XP level 2. HP: 10/24 MP: 2/2
   504 | D:1      | Reached skill level 3 in Axes
   782 | D:1      | Gained mutation: You have a pair of small horns on your
                  | head. [demonic ancestry]
   782 | D:1      | Reached XP level 3. HP: 29/29 MP: 3/3
  1524 | D:2      | Reached XP level 4. HP: 34/35 MP: 4/4
  1543 | D:2      | Found a glowing silver altar of Zin.
  1583 | D:2      | Reached skill level 4 in Axes
  2305 | D:3      | Found a faded altar of an unknown god.
  2519 | D:3      | Gained mutation: You have a pair of horns on your head.
                  | [demonic ancestry]
  2519 | D:3      | Reached XP level 5. HP: 32/41 MP: 5/5
  2643 | D:3      | Reached skill level 5 in Axes
  3209 | D:3      | Noticed a moth of wrath
  3333 | D:3      | Found a bloodstained altar of Trog.
  3420 | D:3      | Found an ancient bone altar of Kikubaaqudgha.
  3421 | D:3      | Noticed a human
  3423 | D:3      | Killed a human
  3459 | D:4      | Found a glowing drain.
  3478 | Sewer    | Entered a sewer
  3587 | Sewer    | Gained mutation: You have a pair of large horns on your
                  | head. [demonic ancestry]
  3587 | Sewer    | Reached XP level 6. HP: 34/47 MP: 6/6
  3792 | Sewer    | Reached skill level 6 in Axes
  4161 | D:4      | Found an ornate altar of the Wu Jian Council.
  4262 | D:4      | Reached skill level 7 in Axes
  4262 | D:4      | Reached XP level 7. HP: 36/52 MP: 7/7
  4629 | D:4      | Found a deep blue altar of Sif Muna.
  4844 | D:4      | Became a worshipper of Sif Muna the Loreminder
  4893 | D:5      | Entered Level 5 of the Dungeon
  4959 | D:4      | Reached skill level 1 in Spellcasting
  4959 | D:4      | Reached skill level 1 in Invocations
  5900 | D:5      | HP: 2/52 [poisoned by an orc priest]
  5902 | D:5      | Succumbed to an orc priest's poison

Levels and vault maps discovered:
D:1:      dpeg_arrival_tiny_b, layout_loops_corners
D:2:      layout_loops_ring, marbit_many_paths
D:3:      layout_rooms, tgw_trog, chequers_ecumenical_altar_simple_redux,
          hex_tiny, nrook_mini_backslash, tgw_kikubaaqudgha
D:4:      layout_cave_pools, lemuel_coloured_pillars_altar,
          lemuel_blue_sif_altar, portal_sewer_entry_b, st_stairs_5
D:5:      layout_cave_pools, minmay_temple_entry_statues_fountains,
          first_ration, minmay_misc_feat_roman, roderic_roman_lattice,
          hangedman_abyss_or_decor_lesser_grid, uniq_blork_the_orc

Skill      XL: |  1  2  3  4  5  6  7 |
---------------+----------------------+-----
Axes           | 2 3 4 5 7 |  7.5
Spellcasting   | 2 |  2.0
Invocations    | 2 |  2.9
Fighting       | |  3.0
Armour         | |  2.6
Shields        | |  2.6

Action                   |  1- 3 |  4- 6 |  7- 9 || total
-------------------------+-------+-------+-------++-------
Melee: War axe           |   134 |     9 |     9 ||   152
       Headbutt          |     6 |    37 |    20 ||    63
       Dagger            |       |   208 |   101 ||   309
  Eat: Chunk             |     2 |     9 |     5 ||    16
Armor: Scale mail        |    79 |    41 |       ||   120
       Chain mail        |       |    77 |   104 ||   181
Dodge: Dodged            |   108 |   128 |    79 ||   315
Block: Other             |       |     8 |    13 ||    21
       Reflection        |       |       |     1 ||     1

Table legend:
 A = Non-vault XP
 B = Vault XP
 C = Vault XP percentage of total XP
 D = Non-vault monster count
 E = Vault monster count
 F = Vault count percentage of total count
                 A         B        C        D         E       F
            +---------+---------+-------+---------+---------+-------
      Total |     982 |     258 |  20.8 |     134 |      27 |  16.8
            +---------+---------+-------+---------+---------+-------
        D:1 |      47 |       0 |   0.0 |      29 |       0 |   0.0
        D:2 |     135 |       2 |   1.5 |      37 |       1 |   2.6
        D:3 |     139 |       9 |   6.1 |      34 |       5 |  12.8
        D:4 |     518 |      22 |   4.1 |      26 |       6 |  18.8
        D:5 |     143 |       0 |   0.0 |       8 |       0 |   0.0
      Sewer |       0 |     225 | 100.0 |       0 |      15 | 100.0
            +---------+---------+-------+---------+---------+-------
